 Dungeon Crawl Stone Soup version 0.28.0-53-g5a82cb258f (webtiles) character file.

Game seed: 15266398035035896332

1102 firemarshallily the Skirmisher (level 8, 0/65 HPs)
             Began as a Demonspawn Gladiator on June 21, 2022.
             Was a Priest of Nemelex Xobeh.
             Splashed by a jelly's acid (9 damage)
             ... on level 5 of the Dungeon.
             The game lasted 00:15:35 (8727 turns).

firemarshallily the Skirmisher (DsGl)               Turns: 8727, Time: 00:15:37

Health: 0/65       AC: -7    Str: 16    XL:     8   Next: 10%
Magic:  8/8        EV: 11    Int: 11    God:    Nemelex Xobeh [***...]
Gold:   214        SH:  0    Dex: 14    Spells: 7/7 levels left

rFire   . . .      SeeInvis .   a - +1 long sword
rCold   + . .      Faith    .   (no shield)
rNeg    . . .      Spirit   .   r - +0 ring mail
rPois   .          Reflect  .   k - +1 hat
rElec   .          Harm     .   s - +1 cloak
rCorr   .          Rampage  .   (no gloves)
Will    .....                   j - +0 pair of boots
Stlth   +.........              (no amulet)
HPRegen 0.20/turn               f - ring of protection from cold
MPRegen 0.11/turn               (no ring)

@: corroded
A: hooves 1, thin metallic scales 2, demonic guardian 1, powered by pain 1
a: Renounce Religion, Draw Escape, Draw Destruction, Draw Summoning, Triple Draw


You were on level 5 of the Dungeon.
You worshipped Nemelex Xobeh.
Nemelex Xobeh was most pleased with you.
You visited 1 branch of the dungeon, and saw 5 of its levels.

You collected 234 gold pieces.
You spent 20 gold pieces at shops.

Inventory:

Hand Weapons
 a - a +1 long sword (weapon)
Missiles
 d - 3 throwing nets
 h - 80 stones (quivered)
 p - 14 poisoned darts
Armour
 b - a +0 leather armour
 c - a +0 helmet
 j - a +0 pair of boots (worn)
 k - a +1 hat (worn)
 r - a +0 ring mail (worn)
 s - a +1 cloak (worn)
Jewellery
 f - a ring of protection from cold (left hand)
 n - the ring "Yfiqoip" {rF- rCorr Int+4}
   (You found it on level 3 of the Dungeon)

   [ring of resist corrosion]

   Int:       It affects your intelligence (+4).
   rF:        It makes you vulnerable to fire.
   rCorr:     It protects you from acid and corrosion.
 t - a ring of fire
Wands
 q - a wand of iceblast (10)
 v - a wand of flame (10)
Scrolls
 i - a scroll of fog
 o - a scroll of teleportation
 u - a scroll of holy word
 x - a scroll of summoning
Potions
 e - a potion of flight
 g - a potion of might
 l - a potion of curing {unknown}
 m - a potion of attraction
 w - a potion of haste {unknown}


   Skills:
 * Level 6.3 Fighting
 * Level 6.1 Long Blades
 - Level 2.0 Throwing
 + Level 3.2 Armour
 - Level 3.0 Dodging


You had 7 spell levels left.
You didn't know any spells.
Your spell library contained the following spells:

 Spells                   Type           Power      Damage    Failure   Level
 Summon Guardian Golem    Hex/Summ       0%         N/A       89%         3
 Orb of Destruction       Conj           0%         9d5       100%        7
 Spellforged Servitor     Conj/Summ      0%         N/A       100%        7


Dungeon Overview and Level Annotations

Branches:
Dungeon (5/15)
 Temple: D:4-7

Altars:
Dithmenos
Elyvilon
Gozag
Nemelex Xobeh
Sif Muna
Wu Jian
Xom

Shops:
D:2 *

Annotations:
D:5 2 transporters


Innate Abilities, Weirdness & Mutations

You have large cloven feet.
You are mostly covered in thin metallic scales. (AC +3)
A weak demonic guardian rushes to your aid.
You sometimes gain a little power by taking damage.


Message History

The jelly is heavily wounded.
The jelly hits you but does no damage.
You hit the jelly but do no damage.
Your hands burn!
You punch the jelly, but do no damage.
The jelly is heavily wounded.
The jelly barely misses you.
You hit the jelly. The acid corrodes you!
Your hands burn!
The jelly is heavily wounded.
The jelly hits you but does no damage. The jelly barely misses you.
You hit the jelly but do no damage.
Your hands burn!
The jelly is heavily wounded.
The jelly hits you. The acid corrodes you!
You are splashed with acid!
You hit the jelly. The acid corrodes you!
Your hands burn!
The jelly is severely wounded.
The jelly hits you.
You are splashed with acid!
You hit the jelly but do no damage.
Your hands burn!
The jelly is severely wounded.
The jelly hits you.
You are splashed with acid!
* * * LOW HITPOINT WARNING * * *
You hit the jelly but do no damage. The acid corrodes you!
Your hands burn!
* * * LOW HITPOINT WARNING * * *
The jelly is severely wounded.
The jelly closely misses you.
You hit the jelly.
Your hands burn!
* * * LOW HITPOINT WARNING * * *
The jelly is severely wounded.
The jelly closely misses you.
You hit the jelly but do no damage.
Your hands burn!
* * * LOW HITPOINT WARNING * * *
The jelly is severely wounded.
The jelly barely misses you.
You hit the jelly but do no damage.
Your hands burn!
* * * LOW HITPOINT WARNING * * *
A demonic guardian appears!
The jelly is severely wounded.
The jelly hits you.
* * * LOW HITPOINT WARNING * * *
You are splashed with acid!
You die...
Your body disappears without a glow.

...#.......# #.....#..#####...##
#.....##...###..###.....## ##.###
##...####..#...## ##.....# #....
##...####......####...[.####....
##.........###.....#.##....##..##
#...###..#..## #.....####....###
...####.###..# ##....# ##...# #
...# #.. ##.####.5..### #...####
...###.# #...J@......####......
...##..# ##...###...............
...##..####....# #...........###.
.........##..#.# ##...........##.
......###...###.# #......#...#...
......# ##.## #.#...(...#.######
#....## ### .#....##... #
##...### ....## #.. # #.....#
#..## #. #


You could see a jelly (ally target) and a friendly white imp (summoned).

Vanquished Creatures
  2 black bears (D:4)
  2 ogres (D:5)
  A scorpion (D:4)
  3 wights (D:5)
  A howler monkey (D:5)
  A hound (D:5)
  A bullfrog skeleton (D:4)
  Natasha (twice) (D:4)
  3 hound skeletons (D:4)
  7 adders
  3 gnolls (D:2)
  3 adder skeletons (D:4)
  2 worms
  3 dart slugs
  5 orcs
  5 endoplasms
  2 giant cockroaches
  9 goblins
  4 hobgoblins
  4 kobolds
  7 quokkas
  7 ball pythons
  5 bats
  4 frilled lizards
  A quokka skeleton (D:4)
  9 rats
96 creatures vanquished.

Vanquished Creatures (collateral kills)
  Edmund (D:4)
  A water moccasin skeleton (D:4)
  An iguana (D:4)
3 creatures vanquished.

Grand Total: 99 creatures vanquished

Notes
Turn   | Place    | Note
-------+----------+-------------------------------------------
     0 | D:1      | firemarshallily the Demonspawn Gladiator began the quest
                  | for the Orb.
     0 | D:1      | Reached XP level 1. HP: 16/16 MP: 1/1
   471 | D:1      | Gained mutation: You have large cloven feet. [demonic
                  | ancestry]
   471 | D:1      | Reached XP level 2. HP: 22/22 MP: 2/2
  1568 | D:2      | Found Meiciph's General Store.
  1571 | D:2      | Bought a scroll of identify for 20 gold pieces
  1591 | D:2      | Gained mutation: You are partially covered in thin metallic
                  | scales. (AC +2) [demonic ancestry]
  1591 | D:2      | Reached XP level 3. HP: 24/28 MP: 3/3
  2368 | D:2      | Reached XP level 4. HP: 22/35 MP: 4/4
  2843 | D:3      | Found a faded altar of an unknown god.
  2856 | D:3      | Prayed at the altar of an unknown god.
  2856 | D:3      | Became a worshipper of Nemelex Xobeh the Trickster
  2856 | D:3      | Reached * piety under Nemelex Xobeh
  2856 | D:3      | Received a gift from Nemelex Xobeh
  2933 | D:3      | Found a shimmering altar of Xom.
  2980 | D:3      | Found a shadowy altar of Dithmenos.
  3255 | D:3      | Identified the ring "Yfiqoip" {rF- rCorr Int+4}
  4075 | D:4      | Gained mutation: You sometimes gain a little power by
                  | taking damage. [demonic ancestry]
  4075 | D:4      | Reached XP level 5. HP: 8/42 MP: 5/5
  4489 | D:4      | Noticed a black bear
  4490 | D:4      | Reached ** piety under Nemelex Xobeh
  4494 | D:4      | Killed a black bear
  4495 | D:4      | Reached skill level 1 in Armour
  4548 | D:4      | Noticed a black bear
  4564 | D:4      | Killed a black bear
  4565 | D:4      | Gained mutation: A weak demonic guardian rushes to your
                  | aid. [demonic ancestry]
  4565 | D:4      | Reached XP level 6. HP: 11/49 MP: 6/6
  5595 | D:4      | Found an opulent altar of Gozag.
  5602 | D:4      | Found an opulent altar of Gozag.
  5602 | D:4      | Found an opulent altar of Gozag.
  5624 | D:4      | Reached skill level 5 in Fighting
  5624 | D:4      | Reached skill level 5 in Long Blades
  5630 | D:4      | Reached XP level 7. HP: 24/56 MP: 7/7
  5806 | D:4      | Found an opulent altar of Gozag.
  5895 | D:4      | Found a sparkling altar of Nemelex Xobeh.
  5944 | D:4      | Noticed Natasha
  5950 | D:4      | Killed Natasha
  6112 | D:4      | Noticed Edmund
  6137 | D:4      | Killed Edmund
  6628 | D:5      | Entered Level 5 of the Dungeon
  6765 | D:5      | Found an ornate altar of the Wu Jian Council.
  7042 | D:4      | Noticed Natasha
  7051 | D:4      | Killed Natasha
  7704 | D:5      | Gained mutation: You are mostly covered in thin metallic
                  | scales. (AC +3) [demonic ancestry]
  7704 | D:5      | Reached XP level 8. HP: 50/64 MP: 8/8
  7824 | D:5      | Found a transporter.
  8076 | D:5      | Found a shimmering blue altar of Sif Muna.
  8126 | D:5      | Received a gift from Nemelex Xobeh
  8159 | D:5      | Reached *** piety under Nemelex Xobeh
  8427 | D:5      | Found a transporter.
  8727 | D:5      | Splashed by a jelly's acid

Illustrated notes

Levels and vault maps discovered:
D:1:      co_arrival_square_in_a_square_in_a_square, layout_basic
D:2:      layout_loops_ring, serial_shops, nicolae_shop_trees
D:3:      layout_basic, mainiacjoe_overflow_paths,
          grunt_dithmenos_smoke_and_mirrors,
          chequers_ecumenical_altar_simple_redux, minmay_pentomino_pile
D:4:      layout_loops_corners, nicolae_gozag_conspicuous_consumption,
          nemelex_spade_bored_becter, uniq_natasha, uniq_edmund
D:5:      gammafunk_cloud_chamber, layout_layer_cave,
          nicolae_sif_muna_little_library, mainiacjoe_overflow_catch_the_wave

Skill      XL: |  1  2  3  4  5  6  7 |
---------------+----------------------+-----
Throwing       | 2 |  2.0
Long Blades    | 3 4 5 6 |  6.1
Dodging        | 3 |  3.0
Fighting       | 3 4 5 6 |  6.3
Armour         | 1 2 3 |  3.2

Action                   |  1- 3 |  4- 6 |  7- 9 || total
-------------------------+-------+-------+-------++-------
Melee: Long sword        |    85 |   193 |   120 ||   398
       Kick              |    17 |     2 |       ||    19
       Punch             |       |     2 |     3 ||     5
Invok: Draw Destruction  |       |     2 |     2 ||     4
  Use: Scroll            |     5 |     1 |     7 ||    13
       Potion            |       |     2 |       ||     2
 Stab: Sleeping          |     1 |       |       ||     1
Armor: Leather armour    |    24 |    74 |    10 ||   108
       Skin              |       |    18 |       ||    18
       Ring mail         |       |       |    33 ||    33
Dodge: Dodged            |    50 |   139 |    69 ||   258
